 Dungeon Crawl Stone Soup version 0.30.1-11-g7821555f0a (webtiles) character file.

Game seed: 7140377479927117202

126 SacredBeard the Grave Robber (level 4, -2/33 HPs)
             Began as a Demonspawn Necromancer on Nov 18, 2023.
             Frozen to death by an endoplasm (4 damage)
             ... on level 1 of the Dungeon.
             The game lasted 00:06:02 (1492 turns).

SacredBeard the Grave Robber (DsNe)                 Turns: 1492, Time: 00:06:03

Health: -2/33      AC:  3    Str:  8    XL:     4   Next: 84%
Magic:  0/7        EV: 17    Int: 22    God:
Gold:   109        SH:  0    Dex: 12    Spells: 6/7 levels left

rFire   . . .        e - +0 short sword
rCold   . . .        (no shield)
rNeg    . . .        a - +0 robe
rPois   .            (no helmet)
rElec   .            (no cloak)
rCorr   .            (no gloves)
SInv    +            (no boots)
Will    .....        (no amulet)
Stlth   ++           i - ring of see invisible
HPRegen 0.25/turn    k - +5 ring of evasion
MPRegen 0.20/turn

%: no passive effects
@: no status effects
A: icy blue scales 1, magic regeneration, clever 1, deformed body
a: no special abilities


You were on level 1 of the Dungeon.
You visited 1 branch of the dungeon, and saw 2 of its levels.

You collected 109 gold pieces.

Inventory:

Hand Weapons
 e - a +0 short sword (weapon)
 o - a +0 spear
Missiles
 c - 6 poisoned darts
 m - a stone
Armour
 a - a +0 robe (worn)
Jewellery
 i - a ring of see invisible (left hand)
 k - a +5 ring of evasion (right hand)
 p - a ring of protection from cold
Scrolls
 d - 2 scrolls of enchant weapon {unknown}
 f - a scroll of summoning {unknown}
 g - a scroll of blinking {unknown}
 h - 2 scrolls of enchant armour {unknown}
 j - a scroll of fear {unknown}
 n - a scroll of silence {unknown}
Potions
 b - a potion of magic


   Skills:
 + Level 1.7 Fighting
 + Level 0.9 Throwing
 + Level 1.4 Armour
 - Level 2.0 Dodging
 + Level 2.4 Stealth
 - Level 2.0 Spellcasting
 * Level 5.4 Necromancy


You had 6 spell levels left.
You knew the following spells:

 Your Spells              Type           Power      Damage    Failure   Level
a - Necrotise             Necr           100%       1d9       1%          1

Your spell library contained the following spells:

 Spells                   Type           Power      Damage    Failure   Level
 Vampiric Draining        Necr           26%        2d7       4%          3
 Magic Dart               Conj           8%         1d3       14%         1
 Animate Dead             Necr           26%        N/A       14%         4
 Call Imp                 Summ           4%         N/A       21%         2
 Hailstorm                Conj/Ice       2%         3d3       38%         3
 Mephitic Cloud           Conj/Pois/Air  2%         N/A       38%         3
 Agony                    Necr           26%        N/A       38%         5
 Ice Form                 Ice/Tmut       2%         N/A       80%         4
 Simulacrum               Ice/Necr       7%         N/A       100%        6


Dungeon Overview and Level Annotations

Branches:
Dungeon (2/15) Zot: 10503

Altars:


Innate Abilities, Weirdness & Mutations

You are partially covered in icy blue scales. (AC +2)
You regenerate magic rapidly.
Your mind is acute. (Int +4, Str/Dex -1)
Armour fits poorly on your strangely shaped body.


Message History

You are frozen.
The endoplasm hits you.
* * * LOW HITPOINT WARNING * * *
Your magical contamination has completely faded away.
Casting: Necrotise (safe; 1% risk of failure)
Confirm with . or Enter, or press ? or * to list all spells.
Aiming: Necrotise (safe; 1% risk of failure)
Press: ? - help, Shift-Dir - straight line, f/p - Robin
Aim: Robin, wielding a +0 short sword, wearing a +0 animal skin and wearing a +0 helmet (moderately wounded, chance to affect: 85%) Robin writhes in agony!
Robin barely misses you. The endoplasm closely misses you.
The endoplasm hits you but does no damage.
Casting: Necrotise (safe; 1% risk of failure)
Confirm with . or Enter, or press ? or * to list all spells.
Aiming: Necrotise (safe; 1% risk of failure)
Press: ? - help, Shift-Dir - straight line, f/p - Robin
Aim: Robin, wielding a +0 short sword, wearing a +0 animal skin and wearing a +0 helmet (almost dead, chance to affect: 85%) Robin writhes in agony.
You kill Robin!
The dead are walking!
The endoplasm freezes you.
You are frozen.
* * * LOW HITPOINT WARNING * * *
The endoplasm freezes you.
You are frozen.
* * * LOW HITPOINT WARNING * * *
Casting: Necrotise (safe; 1% risk of failure)
Confirm with . or Enter, or press ? or * to list all spells.
Aiming: Necrotise (safe; 1% risk of failure)
Press: ? - help, Shift-Dir - straight line, f - endoplasm
Aim: an endoplasm (chance to affect: 90%)
The endoplasm writhes in agony.
The endoplasm misses you. The endoplasm freezes you.
You are frozen.
* * * LOW HITPOINT WARNING * * *
It was a potion of mutation.
You feel extremely strange.
Your body twists and deforms.
You feel clever. The endoplasm misses you. The endoplasm freezes you.
You are frozen.
You die...

# #...........# ####
#...........#
...######...........#
##.##...#...........#
#.##...#...........#
#.##...#...........#
##..#...#...........#
.##.....#......)J...#
.....).........J@Z..#
####.###........)...#
#..# #............#
###.## #.....###.#######
....# #.....##........#
...### #.....##........#
.....# #####.##........#
..##.### #...........#
.......########........#


You could see 2 endoplasms and the friendly Robin the hobgoblin skeleton.

Vanquished Creatures
  Robin (D:1)
  4 gnolls
  An adder (D:2)
  2 dart slugs
  4 ball pythons
  5 endoplasms
  A giant cockroach (D:2)
  7 goblins
  7 hobgoblins
  2 jackals (D:1)
  2 quokkas (D:1)
  3 bats
  2 frilled lizards (D:1)
  4 kobolds
  5 rats
50 creatures vanquished.

Vanquished Creatures (collateral kills)
  An adder (D:2)
  2 goblins (D:2)
3 creatures vanquished.

Grand Total: 53 creatures vanquished

Notes
Turn   | Place    | Note
-------+----------+-------------------------------------------
     0 | D:1      | SacredBeard the Demonspawn Necromancer began the quest for
                  | the Orb.
     0 | D:1      | Reached XP level 1. HP: 13/13 MP: 3/3
   311 | D:1      | Gained mutation: You regenerate magic rapidly. [demonic
                  | ancestry]
   311 | D:1      | Reached XP level 2. HP: 20/20 MP: 3/5
   862 | D:2      | Reached XP level 3. HP: 25/25 MP: 1/6
   931 | D:2      | Reached skill level 1 in Fighting
  1045 | D:2      | Found a faded altar of an unknown god.
  1155 | D:2      | Reached skill level 5 in Necromancy
  1157 | D:2      | Reached skill level 1 in Armour
  1264 | D:2      | Gained mutation: You are partially covered in icy blue
                  | scales. (AC +2) [demonic ancestry]
  1264 | D:2      | Reached XP level 4. HP: 32/32 MP: 1/7
  1369 | D:2      | Noticed Robin
  1490 | D:1      | Killed Robin
  1491 | D:1      | HP: 1/33 [frozen (4)]
  1492 | D:1      | Gained mutation: Armour fits poorly on your strangely
                  | shaped body. [potion of mutation]
  1492 | D:1      | Gained mutation: Your mind is acute. (Int +4, Str/Dex -1)
                  | [potion of mutation]
  1492 | D:1      | Frozen to death by an endoplasm

Illustrated notes

Levels and vault maps discovered:
D:1:      nzn_arrival_settlement, layout_basic
D:2:      layout_rooms, nicolae_ecumenical_oubliette, serial_curves,
          eino_curves_03, eino_curves_01, kennysheep_flooded_box,
          nicolae_shop_vocational, uniq_robin, uniq_sigmund

Skill      XL: |  1  2  3 |
---------------+----------+-----
Dodging        | 2 |  2.0
Stealth        | 2 |  2.4
Fighting       | 1 |  1.7
Necromancy     | 5 |  5.4
Armour         | 1 |  1.4
Throwing       | |  0.9
Spellcasting   | |  2.0

Action                     |  1- 3 |  4- 6 || total
---------------------------+-------+-------++-------
  Melee: Short sword       |    17 |     6 ||    23
  Throw: Stone             |     2 |       ||     2
   Cast: Necrotise         |    62 |    26 ||    88
    Use: Potion            |       |     1 ||     1
 Armour: Robe              |     9 |     8 ||    17
  Dodge: Dodged            |    30 |    39 ||    69
